 Dungeon Crawl Stone Soup version 0.26.0-16-gc1dbca0489 (webtiles) character file.

Game seed: 6808301590249741802

466 thiole the Sneak (level 7, -2/41 HPs)
             Began as an Octopode Hedge Wizard on Jan 22, 2021.
             Was a Follower of Sif Muna.
             Slain by Blork the orc
             ... wielding a +0 long sword of holy wrath
              (5 damage)
             ... on level 4 of the Dungeon.
             The game lasted 00:09:23 (4242 turns).

thiole the Sneak (Octopode Hedge Wizard)            Turns: 4242, Time: 00:09:24

Health: -2/41      AC:  1    Str:  9    XL:     7   Next: 8%
Magic:  1/13       EV: 14    Int: 19    God:    Sif Muna [*.....]
Gold:   132        SH:  0    Dex: 17    Spells: 6/14 levels left

rFire    + . .     SeeInvis .   f - +1 dagger (venom)
rCold    . . .     Faith    .   (no shield)
rNeg     . . .     Spirit   .   b - +0 hat
rPois    .         Reflect  .   (no amulet)
rElec    .         Harm     .   m - +6 ring of dexterity
rCorr    .         Rampage  .   n - ring of wizardry
Will     .....                  r - ring of protection from fire (curse)
Stlth    ++++......             (no ring)
HPRegen  0.13/turn              (no ring)
MPRegen  0.13/turn              (no ring)
                                (no ring)
                                (no ring)

@: berserk cooldown, hasted and slowed
A: almost no armour, stealthy swim, amphibious, 8 rings, constrict 8, camouflage
1, gelatinous body 1
a: Renounce Religion, Channel Magic


You were on level 4 of the Dungeon.
You worshipped Sif Muna.
Sif Muna was aware of your devotion.
You visited 1 branch of the dungeon, and saw 4 of its levels.

You collected 132 gold pieces.

Inventory:

Hand Weapons
 a - a +0 dagger
 f - a +1 dagger of venom (weapon)
Armour
 b - a +0 hat (worn)
Jewellery
 m - a +6 ring of dexterity (left tentacle)
 n - a ring of wizardry (right tentacle)
 r - a cursed ring of protection from fire (on tentacle)
Scrolls
 e - a scroll of immolation {unknown}
 g - 2 scrolls of magic mapping {unknown}
 i - 4 scrolls of remove curse
 j - 2 scrolls of amnesia {unknown}
 k - 5 scrolls of teleportation
 p - a scroll of enchant weapon {unknown}
Potions
 c - a potion of cancellation
 d - a potion of berserk rage


   Skills:
 - Level 2.0 Dodging
 + Level 5.4 Stealth
 + Level 4.4 Spellcasting
 - Level 2.0 Conjurations
 - Level 2.0 Hexes
 - Level 2.0 Summonings
 - Level 1.0 Translocations
 * Level 3.4 Air Magic


You had 6 spell levels left.
You knew the following spells:

 Your Spells              Type           Power        Failure   Level
a - Magic Dart            Conj           44%          2%          1
b - Call Imp              Summ           11%          3%          2
c - Slow                  Hex            11%          3%          2
d - Mephitic Cloud        Conj/Pois/Air  11%          8%          3

Your spell library contained the following spells:

 Spells                   Type           Power        Failure   Level
 Corona                   Hex            12%          2%          1
 Summon Small Mammal      Summ           44%          2%          1
 Apportation              Tloc           16%          3%          1
 Animate Skeleton         Necr           8%           5%          1
 Blink                    Tloc           N/A          5%          2
 Confusing Touch          Hex            11%          7%          3
 Conjure Flame            Conj/Fire      8%           11%         3
 Gell's Gravitas          Tloc           4%           11%         3
 Petrify                  Tmut/Erth      4%           45%         4
 Metabolic Englaciation   Hex/Ice        4%           65%         5
 Yara's Violent Unravell  Hex/Tmut       4%           65%         5


Dungeon Overview and Level Annotations

Branches:
Dungeon (4/15)
 Temple: D:4-7

Altars:
Sif Muna
Trog

Annotations:
D:4 Blork the orc


Innate Abilities, Weirdness & Mutations

You cannot wear most types of armour.
You are very stealthy in the water. (Stealth+)
You are amphibious.
You can wear up to eight rings at the same time.
You can use your tentacles to constrict eight enemies at once.
Your skin changes colour to match your surroundings (Stealth+).
Your rubbery body absorbs attacks. (AC +1, EV +1)


Message History

The leopard gecko bites you but does no damage.
Blork the orc screams, "I'm much stronger than you!"
Blork the orc casts a spell.
Blork the orc seems to speed up.
You barely miss Blork the orc.
You feel less wooden.
Your +0 hat unmelds from your body.
The leopard gecko misses you. Blork the orc closely misses you.
You swap places.
Your extra speed is starting to run out.
Your crimson imp disappears in a puff of smoke!
The leopard gecko misses you.
You hit the leopard gecko.
The leopard gecko is poisoned.
You grab the leopard gecko.
The leopard gecko is almost dead.
You constrict the leopard gecko.
You kill the leopard gecko!
Sif Muna accepts your kill.
Blork the orc hits you with a +0 long sword of holy wrath.
You die...

.......#........
..................
......?..........≈
..........?......≈
.........)........
#...#...(......).
#....#..).......
##....§#o........
........@.<.......
.##.......$..#####
#..#..#....## #.
#.####### # #. ..
..# #.


You could see Blork the orc (fast, slow).

Vanquished Creatures
  Sigmund (D:4)
  A centaur (D:4)
  Jessica (D:2)
  2 gnolls (D:3)
  8 adders
  An ooze (D:1)
  2 worms (D:2)
  3 dart slugs
  3 leopard geckos
  5 orcs (D:3)
  5 bats
  3 giant cockroaches (D:2)
  10 goblins
  14 hobgoblins
  2 jackals (D:3)
  10 kobolds
  3 frilled lizards
  2 rats
76 creatures vanquished.

Vanquished Creatures (collateral kills)
  A gnoll (D:3)
1 creature vanquished.

Grand Total: 77 creatures vanquished

Notes
Turn   | Place    | Note
-------+----------+-------------------------------------------
     0 | D:1      | thiole the Octopode Hedge Wizard began the quest for the
                  | Orb.
     0 | D:1      | Reached XP level 1. HP: 11/11 MP: 4/4
   224 | D:1      | Reached XP level 2. HP: 17/17 MP: 0/6
   325 | D:1      | Reached skill level 3 in Stealth
   583 | D:1      | Reached XP level 3. HP: 21/21 MP: 3/7
  1432 | D:2      | Reached XP level 4. HP: 14/27 MP: 4/9
  1823 | D:2      | Found a shimmering blue altar of Sif Muna.
  1826 | D:2      | Became a worshipper of Sif Muna the Loreminder
  1913 | D:3      | Reached skill level 4 in Stealth
  1917 | D:3      | Learned a level 2 spell: Call Imp
  1920 | D:3      | Learned a level 2 spell: Slow
  1924 | D:3      | Learned a level 3 spell: Mephitic Cloud
  2564 | D:2      | Reached skill level 1 in Air Magic
  2772 | D:2      | Reached XP level 5. HP: 31/31 MP: 7/10
  2951 | D:2      | Found a bloodstained altar of Trog.
  3213 | D:2      | Noticed Jessica
  3218 | D:2      | Killed Jessica
  3219 | D:2      | Reached skill level 1 in Hexes
  4202 | D:4      | Noticed Sigmund
  4205 | D:4      | Noticed a centaur
  4216 | D:4      | Killed Sigmund
  4217 | D:4      | Reached skill level 5 in Stealth
  4217 | D:4      | Reached XP level 6. HP: 13/36 MP: 3/12
  4225 | D:4      | Noticed Blork the orc
  4231 | D:4      | HP: 2/54 [Blork the orc/puff of flame (3)]
  4234 | D:4      | Reached * piety under Sif Muna
  4235 | D:4      | Reached XP level 7. HP: 3/41 MP: 2/13
  4242 | D:4      | Slain by Blork the orc

Illustrated notes

Levels and vault maps discovered:
D:1:      dpeg_chamrin_arrival_tetris, layout_rooms, nrook_mini_backslash
D:2:      layout_loops_cross, lemuel_blue_sif_altar, st_stairs_11,
          trog_hazing_becter, uniq_jessica
D:3:      layout_basic
D:4:      minmay_evil_eye, layout_rooms, regret_index_temple_of_mockery,
          kennysheep_mini_moat, serial_shops, shop, uniq_sigmund,
          uniq_blork_the_orc

Skill      XL: |  1  2  3  4  5 |
---------------+----------------+-----
Stealth        | 3 4 5 |  5.4
Conjurations   | 2 |  2.0
Summonings     | 2 |  2.0
Air Magic      | 1 3 |  3.4
Hexes          | 2 |  2.0
Spellcasting   | 4 |  4.4
Dodging        | |  2.0
Translocations | |  1.0

Action                   |  1- 3 |  4- 6 |  7- 9 || total
-------------------------+-------+-------+-------++-------
Melee: Dagger            |    39 |    65 |     2 ||   106
       Constrict         |    17 |    16 |     1 ||    34
       Tentacles         |     8 |    14 |       ||    22
 Cast: Magic Dart        |    73 |    93 |       ||   166
       Call Imp          |       |     8 |       ||     8
       Mephitic Cloud    |       |     1 |       ||     1
       Slow              |       |       |     1 ||     1
  Use: Potion            |     1 |     4 |       ||     5
       Scroll            |       |     6 |       ||     6
 Stab: Sleeping          |       |     1 |       ||     1
Armor: Skin              |     2 |    17 |     5 ||    24
Dodge: Dodged            |    25 |    31 |     3 ||    59
